 Dungeon Sprint DCSS version 0.29.1-15-g9cfb28693d (webtiles) character file.

Game seed: 14197804302163847620

8200000 Groucho the Intangible (level 27, -105/228 HPs)
             Began as a Djinni Hedge Wizard on Mar 11, 2023.
             Was the Champion of Makhleb.
             Annihilated by The Servant
             ... wielding a +9 glaive of flaming
              (133 damage)
             ... in the Dungeon (Sprint VIII: "Arena of Blood").
             The game lasted 00:03:36 (82 turns).

Groucho the Intangible (Djinni Hedge Wizard)          Turns: 82, Time: 00:03:36

Health: -105/228   AC:  4    Str:  9    XL:     27
Gold:   0          EV: 37    Int: 19    God:    Makhleb [******] SH:  0 Dex: 24

rFire   + + .      SeeInvis .   i - +∞ Axe of Woe
rCold   x . .      Faith    .   (shield currently unavailable)
rNeg    . . .      Spirit   .   b - +0 robe
rPois   ∞          Reflect  .   c - +0 hat
rElec   .          Harm     .   (no cloak)
rCorr   .          Rampage  .   (no gloves)
Will    ++...      NoTele   +   (boots unavailable)
Stlth   ++++++++++              (no amulet)
HPRegen 0.48/turn               (no ring)
MPRegen 0.00/turn               (no ring)

@: flying
A: sickness immunity, fire resistance 2, cold vulnerability 1, float, innate
caster, HP casting, extra vitality 1
a: Renounce Religion, Minor Destruction, Lesser Servant of Makhleb, Major
Destruction, Greater Servant of Makhleb


You were in the Dungeon.
You worshipped Makhleb.
Makhleb was exalted by your worship.
You visited 1 branch

Inventory:

Hand Weapons
 a - a +0 dagger
 i - the +∞ Axe of Woe (weapon)
   (You found it in the Dungeon)
Armour
 b - a +0 robe (worn)
 c - a +0 hat (worn)
Scrolls
 h - a scroll of blinking
Potions
 d - a potion of curing
 f - a potion of haste
 g - a potion of berserk rage


   Skills:
 O Level 27 Fighting
 O Level 27 Short Blades
 + Level 26.5(27) Long Blades
 O Level 27 Axes
 O Level 27 Maces & Flails
 O Level 27 Polearms
 + Level 26.6(27) Staves
 + Level 24.6 Ranged Weapons
 + Level 24.6 Throwing
 O Level 27 Armour
 O Level 27 Dodging
 O Level 27 Stealth
 O Level 27 Shields
 O Level 27 Unarmed Combat
 O Level 27 Spellcasting
 O Level 27 Invocations
 O Level 27 Evocations


You couldn't memorise any spells.
You knew the following spells:

 Your Spells              Type           Power      Damage    Failure   Level
a - Magic Dart            Conj           100%       1d8       0%          1
b - Blink                 Tloc           100%       N/A       0%          2
c - Call Imp              Summ           91%        N/A       0%          2
d - Slow                  Hex            100%       N/A       0%          1
e - Conjure Flame         Conj/Fire      91%        6-21      0%          3
f - Mephitic Cloud        Conj/Pois/Air  91%        N/A       0%          3
g - Freeze                Ice            100%       1d11      0%          1
h - Passwall              Tmut/Erth      75%        N/A       0%          2
i - Static Discharge      Conj/Air       91%        3-15/arc  0%          2
j - Confusing Touch       Hex            91%        N/A       0%          3
k - Blade Hands           Tmut           45%        N/A       0%          5
l - Summon Forest         Summ/Tloc      45%        N/A       0%          5
m - Iron Shot             Conj/Erth      45%        9d9       0%          6
n - Starburst             Conj/Fire      45%        6d13      0%          6
o - Malign Gateway        Summ/Tloc      45%        N/A       0%          7
p - Storm Form            Tmut/Air       45%        N/A       0%          7
q - Infestation           Necr           45%        N/A       1%          8
r - Lehudib's Crystal Sp  Conj/Erth      45%        10d11     1%          8
s - Polar Vortex          Ice            45%        N/A       1%          9
Your spell library was empty.

Dungeon Overview and Level Annotations

Branches:
Dungeon (1/1)

Altars:
Makhleb

Annotations:
D The Servant


Innate Abilities, Weirdness & Mutations

You are immune to sickness and miasma.
You are immune to poison.
Your flesh is very heat resistant. (rF++)
You are vulnerable to cold. (rC-)
You float through the air rather than walking.
You learn spells naturally, not from books.
Your magical power is your life essence.
You have superior vitality. (+4 MHP)


Message History

You hear a shout! x2
Unknown command.
Unknown command.
You hit the destroyer. You chop the destroyer into pieces.
You destroy the destroyer!
Makhleb accepts your kill.
You feel better.
You are engulfed in blazing flames.
You resist.
* * * LOW HITPOINT WARNING * * *
You hear a shout!
The eight-headed meat hydra calls on the powers of darkness!
The eight-headed meat hydra convulses!
The bag of meat convulses!
Your body is wracked with pain!
* * * LOW HITPOINT WARNING * * *
The Servant convulses!
You hear a shout! x4
Your base Long Blades skill increases to level 26!
Your base Staves skill increases to level 26!
Your Ranged Weapons skill increases to level 24!
Your Throwing skill increases to level 24!
Unknown command.
You hear a shout! x6
An eight-headed meat hydra comes into view.
The destroyer points at you and mumbles some strange words.
The destroyer blinks!
The Servant is engulfed in blazing flames.
You hear a shout! x3
Items here: ))) ===.
You slice the destroyer!!
You butcher the destroyer messily.
You destroy the destroyer!
Makhleb accepts your kill.
You feel better.
You hear a shout! x3
The eight-headed meat hydra calls on the powers of darkness!
The eight-headed meat hydra convulses!
The bag of meat convulses! x2
Your body is wracked with pain!
* * * LOW HITPOINT WARNING * * *
The Servant is engulfed in blazing flames.
The Servant hits you from afar with a +9 glaive of flaming!!!!
Ouch! That really hurt!
You die...

.. ....... .o
..... #. ....#
#.. ...# ..
.###.. ...###...
.....D###........
......M_).)M{....
#.)o)@# #_)<§§#
#.)§)@#
......§§§o.....
......###zX.M...
.###.. Xo.###M.
#D. LX.# o #..
...# .. .....


You could see 2 accurseds, a tentacled monstrosity (summoned), a tyrant (fast),
The Servant, 2 eight-headed meat hydras, a sculptor of flesh, 2 large
abominations and 3 bags of meat.

Vanquished Creatures
  2 hell beasts (D)
  A royal mummy (D)
  A wraith (D)
  9 vampire knights (D)
  21 ogres (D)
  11 two-headed ogres (D)
  2 liches (D)
  36 orcs (D)
  6 skeletal warriors (D)
89 creatures vanquished.

Notes
Turn   | Place    | Note
-------+----------+-------------------------------------------
     0 | D        | Found the +∞ Axe of Woe
     0 | D        | Groucho the Djinni Hedge Wizard began the quest for the
                  | Orb.
     0 | D        | Groucho set off with the following spells memorised: Magic
                  | Dart, Blink, Call Imp, Slow, Conjure Flame, Mephitic Cloud.
     0 | D        | Reached XP level 1. HP: 15/15 MP: 0/0
     0 | D        | Noticed a bag of meat
     2 | D        | Noticed a bag of meat
     4 | D        | Became a worshipper of Makhleb the Destroyer
     5 | D        | Noticed a bag of meat
     5 | D        | Noticed a bag of meat
     5 | D        | Noticed a bag of meat
     6 | D        | Noticed a bag of meat
     6 | D        | Noticed a meat berserker
     7 | D        | Killed a bag of meat
     7 | D        | Noticed a meat berserker
     7 | D        | Noticed a bag of meat
     8 | D        | Reached skill level 15 in Axes
     8 | D        | Reached XP level 2. HP: 21/21 MP: 0/0
     8 | D        | Reached XP level 3. HP: 25/25 MP: 0/0
     8 | D        | Learned a level 1 spell: Freeze
     8 | D        | Reached XP level 4. HP: 31/31 MP: 0/0
     8 | D        | Reached XP level 5. HP: 35/35 MP: 0/0
     8 | D        | Learned a level 2 spell: Passwall
     8 | D        | Reached XP level 6. HP: 40/40 MP: 0/0
     8 | D        | Reached XP level 7. HP: 45/45 MP: 0/0
     8 | D        | Learned a level 2 spell: Static Discharge
     8 | D        | Reached XP level 8. HP: 50/50 MP: 0/0
     8 | D        | Reached XP level 9. HP: 55/55 MP: 0/0
     8 | D        | Learned a level 3 spell: Confusing Touch
     8 | D        | Reached XP level 10. HP: 60/60 MP: 0/0
     8 | D        | Reached XP level 11. HP: 65/65 MP: 0/0
     8 | D        | Learned a level 5 spell: Blade Hands
     8 | D        | Killed a bag of meat
     8 | D        | Reached * piety under Makhleb
     8 | D        | Noticed a meat berserker
     9 | D        | Reached XP level 12. HP: 70/70 MP: 0/0
     9 | D        | Killed a bag of meat
     9 | D        | Killed a bag of meat
     9 | D        | Noticed a bag of meat
    10 | D        | Reached XP level 13. HP: 75/75 MP: 0/0
    10 | D        | Learned a level 5 spell: Summon Forest
    11 | D        | Killed a bag of meat
    11 | D        | Reached ** piety under Makhleb
    11 | D        | Killed a meat berserker
    12 | D        | Reached skill level 27 in Dodging
    12 | D        | Reached XP level 14. HP: 80/80 MP: 0/0
    12 | D        | Killed a meat berserker
    12 | D        | Noticed a bag of meat
    13 | D        | Reached skill level 27 in Axes
    13 | D        | Reached XP level 15. HP: 90/90 MP: 0/0
    13 | D        | Learned a level 6 spell: Iron Shot
    13 | D        | Killed a meat berserker
    13 | D        | Reached *** piety under Makhleb
    14 | D        | Reached XP level 16. HP: 120/120 MP: 0/0
    16 | D        | Reached **** piety under Makhleb
    18 | D        | Noticed a meat berserker
    18 | D        | Noticed a meat berserker
    20 | D        | Reached skill level 15 in Fighting
    20 | D        | Reached skill level 15 in Armour
    20 | D        | Reached skill level 15 in Invocations
    21 | D        | Noticed a meat berserker
    23 | D        | Killed a meat berserker
    24 | D        | Reached XP level 17. HP: 137/137 MP: 0/0
    24 | D        | Learned a level 6 spell: Starburst
    24 | D        | Killed a meat berserker
    24 | D        | Noticed a large bag of meat
    25 | D        | Noticed a large bag of meat
    26 | D        | Killed a meat berserker
    26 | D        | Reached ***** piety under Makhleb
    26 | D        | Noticed a meat berserker
    27 | D        | Noticed a large bag of meat
    27 | D        | Noticed a destroyer
    27 | D        | Noticed a large bag of meat
    27 | D        | Noticed a large bag of meat
    28 | D        | Noticed a meat berserker
    28 | D        | Killed a large bag of meat
    28 | D        | Killed a destroyer
    29 | D        | Reached XP level 18. HP: 151/163 MP: 0/0
    29 | D        | Reached XP level 19. HP: 156/169 MP: 0/0
    29 | D        | Learned a level 7 spell: Malign Gateway
    31 | D        | Noticed a large bag of meat
    32 | D        | Killed a meat berserker
    32 | D        | Reached ****** piety under Makhleb
    32 | D        | Killed a large bag of meat
    32 | D        | Noticed a meat berserker
    33 | D        | Reached skill level 27 in Fighting
    33 | D        | Reached skill level 27 in Armour
    33 | D        | Reached skill level 27 in Invocations
    33 | D        | Noticed a meat berserker
    34 | D        | Reached XP level 20. HP: 178/181 MP: 0/0
    34 | D        | Killed a large bag of meat
    35 | D        | Killed a meat berserker
    35 | D        | Noticed a destroyer
    35 | D        | Noticed a large bag of meat
    36 | D        | Reached skill level 27 in Evocations
    36 | D        | Killed a large bag of meat
    37 | D        | Noticed a destroyer
    38 | D        | Killed a destroyer
    39 | D        | Reached skill level 10 in Maces & Flails
    39 | D        | Reached skill level 10 in Polearms
    39 | D        | Reached skill level 10 in Spellcasting
    39 | D        | Reached XP level 21. HP: 166/187 MP: 0/0
    39 | D        | Learned a level 7 spell: Storm Form
    39 | D        | Killed a large bag of meat
    39 | D        | Killed a meat berserker
    39 | D        | Killed a meat berserker
    40 | D        | Reached XP level 22. HP: 181/194 MP: 0/0
    40 | D        | Killed a destroyer
    40 | D        | Noticed a large bag of meat
    41 | D        | Reached skill level 15 in Polearms
    41 | D        | Reached skill level 15 in Spellcasting
    41 | D        | Noticed a meat berserker
    42 | D        | Killed a large bag of meat
    44 | D        | Reached XP level 23. HP: 197/201 MP: 0/0
    44 | D        | Learned a level 8 spell: Infestation
    45 | D        | Killed a large bag of meat
    47 | D        | Killed a large bag of meat
    48 | D        | Reached XP level 24. HP: 193/208 MP: 0/0
    48 | D        | Noticed a large bag of meat
    49 | D        | Noticed a destroyer
    50 | D        | Noticed a large bag of meat
    51 | D        | Noticed a tyrant
    51 | D        | Noticed an accursed
    56 | D        | Killed a large bag of meat
    56 | D        | Noticed an accursed
    58 | D        | Noticed a tyrant
    58 | D        | Killed a large bag of meat
    58 | D        | Killed a destroyer
    58 | D        | Noticed a destroyer
    59 | D        | Reached skill level 27 in Unarmed Combat
    59 | D        | Reached XP level 25. HP: 149/214 MP: 0/0
    59 | D        | Learned a level 8 spell: Lehudib's Crystal Spear
    61 | D        | Killed a tyrant
    63 | D        | Noticed a meat beast
    63 | D        | Killed an accursed
    64 | D        | Reached skill level 27 in Short Blades
    64 | D        | Reached skill level 27 in Stealth
    65 | D        | Noticed a dread
    65 | D        | Killed a dread
    65 | D        | Noticed a destroyer
    65 | D        | Noticed a large bag of meat
    65 | D        | Noticed a destroyer
    66 | D        | Reached skill level 27 in Maces & Flails
    66 | D        | Reached skill level 27 in Polearms
    66 | D        | Reached skill level 27 in Spellcasting
    66 | D        | Reached XP level 26. HP: 71/221 MP: 0/0
    66 | D        | Killed a meat beast
    66 | D        | Noticed The Servant
    67 | D        | Killed a tyrant
    68 | D        | Reached skill level 15 in Long Blades
    68 | D        | Reached skill level 15 in Staves
    68 | D        | Reached XP level 27. HP: 183/228 MP: 0/0
    68 | D        | Learned a level 9 spell: Polar Vortex
    68 | D        | Killed a destroyer
    68 | D        | Noticed a tyrant
    69 | D        | Killed a destroyer
    69 | D        | Noticed a destroyer
    70 | D        | Noticed an accursed
    71 | D        | Noticed an accursed
    72 | D        | Noticed a meat beast
    73 | D        | Noticed a destroyer
    77 | D        | Killed a meat beast
    77 | D        | Killed a large bag of meat
    78 | D        | Killed a destroyer
    78 | D        | Noticed an accursed
    79 | D        | Reached skill level 27 in Shields
    80 | D        | Killed a destroyer
    82 | D        | Killed a destroyer
    82 | D        | Annihilated by The Servant

Illustrated notes

Levels and vault maps discovered:
D:        meatsprint

Skill      XL: |  1  2  3  4  5  6  7  8  9 10 11 12 13 14 15 16 17 18 19 20 21 22 23 24 25 26 27 |
---------------+----------------------------------------------------------------------------------+-----
Axes           | 15 17 20 24 27 | 27.0
Dodging        | 19 22 25 27 | 27.0
Fighting       | 2 12 17 25 27 | 27.0
Armour         | 2 12 17 25 27 | 27.0
Invocations    | 2 12 17 25 27 | 27.0
Evocations     | 20 27 | 27.0
Short Blades   | 11 14 18 22 26 27 | 27.0
Maces & Flails | 10 13 17 20 24 27 | 27.0
Polearms       | 10 13 17 20 24 27 | 27.0
Stealth        | 11 14 19 22 26 27 | 27.0
Unarmed Combat | 12 16 20 24 27 | 27.0
Spellcasting   | 10 13 16 19 22 27 | 27.0
Long Blades    | 4 15 26 | 26.5
Staves         | 4 15 26 | 26.6
Ranged Weapons | 4 14 24 | 24.6
Throwing       | 4 14 24 | 24.6
Shields        | 4 17 27 | 27.0

Action                   |  1- 3 |  4- 6 |  7- 9 | 10-12 | 13-15 | 16-18 | 19-21 | 22-24 | 25-27 || total
-------------------------+-------+-------+-------+-------+-------+-------+-------+-------+-------++-------
Melee: Executioner's axe |     1 |       |       |     2 |     3 |     6 |     9 |    15 |    18 ||    54
  Use: Potion            |       |       |       |       |       |       |       |     1 |       ||     1
Dodge: Dodged            |       |       |       |       |     1 |     1 |       |       |       ||     2
